 Dungeon Crawl Stone Soup version 0.28.0-45-g0d030f2227 (webtiles) character file.

Game seed: 15687680584574500560

1223 nickcage the Basher (level 8, 0/64 HPs)
             Began as a Minotaur Abyssal Knight on Apr 11, 2022.
             Was an Elder of Lugonu.
             Slain by an adder (1 damage)
             ... on level 6 of the Dungeon.
             The game lasted 00:12:31 (6893 turns).

nickcage the Basher (Minotaur Abyssal Knight)       Turns: 6893, Time: 00:12:32

Health: 0/64       AC:  7    Str: 21    XL:     8   Next: 23%
Magic:  8/8        EV: 10    Int:  7    God:    Lugonu [****..]
Gold:   240        SH:  0    Dex: 10    Spells: 7/7 levels left

rFire   . . .      SeeInvis .   w - +0 morningstar
rCold   . . .      Faith    .   (no shield)
rNeg    . . .      Spirit   .   r - +0 scale mail
rPois   .          Reflect  .   (helmet restricted)
rElec   .          Harm     .   l - +0 cloak
rCorr   .          Rampage  .   (no gloves)
Will    .....                   (no boots)
Stlth   ..........              (no amulet)
HPRegen 0.20/turn               (no ring)
MPRegen 0.11/turn               (no ring)

@: no status effects
A: horns 2, retaliatory headbutt
a: Renounce Religion, Depart the Abyss, Bend Space, Banish, Corrupt


You were on level 6 of the Dungeon.
You worshipped Lugonu.
Lugonu was greatly pleased with you.
You visited 2 branches of the dungeon, and saw 7 of its levels.
You visited the Abyss 1 time.

You collected 240 gold pieces.

Inventory:

Hand Weapons
 a - a +1 mace
 o - the +3 hunting sling "Vuthry" {venom, rPois Will- Str+6 Dex+3}
   (You found it on level 3 of the Dungeon)

   Any ammunition fired from it poisons the flesh of those it strikes.
   Str:       It affects your strength (+6).
   Dex:       It affects your dexterity (+3).
   rPois:     It protects you from poison.
   Will:      It decreases your willpower.
 v - a +1 falchion of holy wrath
 w - a +0 morningstar (weapon)
Missiles
 n - 3 poisoned darts (quivered)
Armour
 b - a +0 leather armour
 l - a +0 cloak (worn)
 p - a +0 ring mail
 r - a +0 scale mail (worn)
Wands
 e - a wand of acid (6)
 s - a wand of flame (30)
 t - a wand of iceblast (11)
Scrolls
 c - a scroll of fear
 f - 4 scrolls of teleportation
 g - a scroll of identify
 h - a scroll of vulnerability
Potions
 d - 4 potions of heal wounds {unknown}
 i - a potion of lignification {unknown}
 k - 2 potions of curing
 q - 2 potions of brilliance {unknown}
 u - a potion of magic {unknown}


   Skills:
 - Level 3.6 Fighting
 + Level 12.0 Maces & Flails
 - Level 2.4 Armour
 - Level 1.1 Dodging
 - Level 1.7 Invocations


You had 7 spell levels left.
You didn't know any spells.
Your spell library contained the following spells:

 Spells                   Type           Power      Damage    Failure   Level
 Sandblast                Erth           0%         2d4       77%         1
 Passwall                 Tmut/Erth      0%         N/A       88%         2
 Gell's Gravitas          Tloc           0%         N/A       98%         3
 Lesser Beckoning         Tloc           0%         N/A       98%         3
 Stone Arrow              Conj/Erth      0%         3d7       98%         3
 Teleport Other           Tloc           0%         N/A       98%         3


Dungeon Overview and Level Annotations

Branches:
Dungeon (6/15)             Temple (1/1) D:4

Altars:
Ashenzari
Cheibriados
Dithmenos
Fedhas
Gozag
Hepliaklqana
Kikubaaqudgha
Nemelex Xobeh
Okawaru
Qazlal
Sif Muna
Trog
Uskayaw
Vehumet
Wu Jian
Xom
Yredelemnul
The Shining One


Innate Abilities, Weirdness & Mutations

You have a pair of horns on your head.
You reflexively headbutt those who attack you in melee.


Message History

The electric eel shoots out a bolt of lightning at you!
The bolt of electricity hits you!
* * * LOW HITPOINT WARNING * * *
The adder bites you.
* * * LOW HITPOINT WARNING * * *
You are lethally poisoned!
The adder poisons you!
The phantom hits you but does no damage.
* * * LOW HITPOINT WARNING * * *
You feel sick. The adder closely misses you.
You barely miss the electric eel. Your headbutt misses the electric eel.
The electric eel is moderately wounded.
* * * LOW HITPOINT WARNING * * *
You feel sick. The adder barely misses you.
You feel better. The adder bites you.
* * * LOW HITPOINT WARNING * * *
You are lethally poisoned!
The adder poisons you! The phantom completely misses you.
You furiously retaliate!
You headbutt the phantom.
You feel better. The adder bites you but does no damage.
The electric eel shoots out a bolt of lightning at you!
The bolt of electricity hits you.
* * * LOW HITPOINT WARNING * * *
The phantom closely misses you. You furiously retaliate!
You headbutt the phantom. You barely miss the electric eel.
The electric eel is moderately wounded.
The adder bites you but does no damage. The phantom barely misses you.
You closely miss the electric eel.
The electric eel is moderately wounded.
The adder closely misses you. You furiously retaliate!
You headbutt the adder.
The electric eel shoots out a bolt of lightning at you!
The bolt of electricity hits you!
* * * LOW HITPOINT WARNING * * *
The adder bites you but does no damage.
The phantom hits you but does no damage.
You puncture the electric eel!
The electric eel is severely wounded.
The adder bites you.
You die...

###################
##........@...?.....
#≈≈≈≈≈≈≈≈SSW≈≈≈≈≈≈≈≈
#≈≈≈≈≈≈≈≈≈≈≈≈≈≈≈≈≈≈≈
##.......)..........
###.################ ###
##.## ..# ##..## #8. ##.##
#.## ####.##)###### #.#####
##.###...####..####
#.#...###.#.#.###.#####.##.


You could see a phantom, an electric eel and an adder.

Vanquished Creatures
  Eustachio (D:6)
  An ice beast (D:6)
  A black bear (D:5)
  A kobold brigand (D:6)
  A scorpion (D:4)
  A water moccasin skeleton (D:5)
  A centaur zombie (D:5)
  2 jellies (D:5)
  3 orc priests
  Crazy Yiuf (D:2)
  A gnoll shaman (D:5)
  A hound (D:6)
  Jessica (D:2)
  An orc wizard (D:5)
  A scorpion zombie (D:5)
  2 iguanas
  A howler monkey skeleton (D:5)
  10 adders
  10 gnolls
  A shadow imp (D:5)
  A white imp (D:5)
  An ufetubus (D:4)
  An adder skeleton (D:4)
  13 orcs
  6 endoplasms
  5 giant cockroaches
  8 hobgoblins
  7 jackals
  7 kobolds
  4 quokkas
  7 ball pythons
  3 bats
  17 frilled lizards
  8 goblins
  4 rats
134 creatures vanquished.

Vanquished Creatures (others)
  6 plants (D:5)
6 creatures vanquished.

Grand Total: 140 creatures vanquished

Notes
Turn   | Place    | Note
-------+----------+-------------------------------------------
     0 | Abyss:1  | nickcage the Minotaur Abyssal Knight began the quest for
                  | the Orb.
     0 | Abyss:1  | Reached XP level 1. HP: 19/19 MP: 1/1
     7 | D:1      | Escaped the Abyss
   252 | D:1      | Reached skill level 3 in Maces & Flails
   259 | D:1      | Reached XP level 2. HP: 16/26 MP: 2/2
   609 | D:1      | Reached ** piety under Lugonu
   697 | D:1      | Reached skill level 4 in Maces & Flails
  1094 | D:2      | Noticed Jessica
  1101 | D:2      | Killed Jessica
  1102 | D:2      | Reached XP level 3. HP: 29/31 MP: 3/3
  1251 | D:2      | Found a faded altar of an unknown god.
  1271 | D:2      | Reached skill level 5 in Maces & Flails
  1755 | D:2      | Reached XP level 4. HP: 39/39 MP: 4/4
  1819 | D:2      | Found a runed translucent door.
  1820 | D:2      | Noticed Crazy Yiuf
  1829 | D:2      | Killed Crazy Yiuf
  1920 | D:2      | Reached skill level 6 in Maces & Flails
  2148 | D:2      | Reached XP level 5. HP: 30/45 MP: 5/5
  2682 | D:3      | Reached *** piety under Lugonu
  2852 | D:3      | Identified the +3 hunting sling "Vuthry" {venom, rPois
                  | Will- Str+6 Dex+3}
  2935 | D:3      | Reached skill level 7 in Maces & Flails
  3640 | D:4      | Reached XP level 6. HP: 45/51 MP: 6/6
  3737 | D:4      | Found a staircase to the Ecumenical Temple.
  3756 | Temple   | Entered the Ecumenical Temple
  3830 | D:4      | Reached skill level 8 in Maces & Flails
  4369 | D:4      | Found a radiant altar of Vehumet.
  4369 | D:4      | Found a shimmering altar of Xom.
  4467 | D:4      | Found a bloodstained altar of Trog.
  4467 | D:4      | Found an iron altar of Okawaru.
  4634 | D:5      | Entered Level 5 of the Dungeon
  4803 | D:5      | Reached skill level 9 in Maces & Flails
  5072 | D:5      | Found a blossoming altar of Fedhas.
  5263 | D:5      | Reached XP level 7. HP: 43/57 MP: 7/7
  6072 | D:5      | Reached skill level 10 in Maces & Flails
  6274 | D:5      | Reached **** piety under Lugonu
  6663 | D:6      | Reached skill level 11 in Maces & Flails
  6717 | D:6      | Reached XP level 8. HP: 64/64 MP: 8/8
  6745 | D:6      | Noticed Eustachio
  6760 | D:6      | Killed Eustachio
  6761 | D:6      | Reached skill level 12 in Maces & Flails
  6887 | D:6      | HP: 2/64 [poisoned by an adder]
  6892 | D:6      | HP: 1/64 [electric eel/bolt of electricity (9)]
  6893 | D:6      | Slain by an adder

Illustrated notes

Levels and vault maps discovered:
D:1:      dpeg_arrival_three_same_balls, layout_basic, chequers_jeans,
          minmay_bisected
D:2:      layout_loops_corners, ebering_ecumenical_altar_rust,
          minmay_tetromino_l4, uniq_crazy_yiuf_cottage, uniq_jessica
D:3:      layout_loops_ring
D:4:      layout_loops_ring, grunt_temple_overflow_bloody_war,
          gammafunk_temple_overflow_statue, minmay_temple_entry_wispy
D:5:      layout_loops_corners, marbit_many_paths, minmay_lizard_king
D:6:      wad_river_or_something, layout_loops_ring, elyvilon_altar_5,
          uniq_eustachio, uniq_maggie
Temple:   nicolae_temple_god_jail

Skill      XL: |  1  2  3  4  5  6  7  8 |
---------------+-------------------------+-----
Maces & Flails | 3 4 5 6 7 9 11 12 | 12.0
Fighting       | |  3.6
Armour         | |  2.4
Dodging        | |  1.1
Invocations    | |  1.7

Action                   |  1- 3 |  4- 6 |  7- 9 || total
-------------------------+-------+-------+-------++-------
Melee: Mace              |    91 |   175 |    29 ||   295
       Headbutt          |    12 |    24 |    17 ||    53
       Punch             |       |     1 |       ||     1
       Morningstar       |       |       |    69 ||    69
Throw: Dart              |       |       |     2 ||     2
  Use: Scroll            |       |       |     7 ||     7
       Potion            |       |       |     2 ||     2
Armor: Leather armour    |    29 |    10 |       ||    39
       Ring mail         |       |     7 |       ||     7
       Scale mail        |       |    27 |    30 ||    57
Dodge: Dodged            |    53 |    71 |    48 ||   172
